 Dungeon Crawl Stone Soup version 0.30-a0-634-g8abc85282e (webtiles) character file.

Game seed: 13217704248407223073

174 BaabKaare the Grave Robber (level 5, -6/36 HPs)
             Began as a Human Necromancer on Jan 14, 2023.
             Mangled by Grinder (9 damage)
             ... on level 3 of the Dungeon.
             The game lasted 00:14:00 (3778 turns).

BaabKaare the Grave Robber (Human Necromancer)      Turns: 3778, Time: 00:14:01

Health: -6/36      AC:  3    Str:  8    XL:     5   Next: 84%
Magic:  9/9        EV: 12    Int: 17    God:
Gold:   182        SH:  0    Dex: 14    Spells: 2/10 levels left

rFire   + . .      SeeInvis .    b - +3 dagger
rCold   + . .      Faith    .    (no shield)
rNeg    . . .      Spirit   .    a - +0 robe
rPois   +          Reflect  .    (no helmet)
rElec   +          Harm     .    (no cloak)
rCorr   +          Rampage  .    k - +0 pair of gloves
Will    .....                    (no boots)
Stlth   ++                       (no amulet)
HPRegen 0.26/turn                (no ring)
MPRegen 0.11/turn                (no ring)

@: resistant, hasted, very quick
A: no striking features
a: no special abilities


You were on level 3 of the Dungeon.
You visited 1 branch of the dungeon, and saw 3 of its levels.

You collected 182 gold pieces.

Inventory:

Hand Weapons
 b - a +3 dagger (weapon)
Armour
 a - a +0 robe (worn)
 d - a scarf of invisibility
 k - a +0 pair of gloves (worn)
Scrolls
 c - 5 scrolls of identify {unknown}
 f - a scroll of magic mapping {unknown}
 i - a scroll of silence {unknown}
 j - a scroll of teleportation {unknown}
Potions
 g - a potion of resistance
 h - 3 potions of lignification {unknown}
 l - 3 potions of curing {unknown}
 m - a potion of ambrosia {unknown}
 n - a potion of heal wounds {unknown}


   Skills:
 + Level 0.4 Fighting
 * Level 1.2 Short Blades
 + Level 2.4 Dodging
 + Level 2.4 Stealth
 + Level 3.0 Spellcasting
 + Level 5.3 Necromancy


You had 2 spell levels left.
You knew the following spells:

 Your Spells              Type           Power      Damage    Failure   Level
a - Necrotise             Necr           80%        1d8       1%          1
b - Vampiric Draining     Necr           20%        2d7       6%          3
c - Animate Dead          Necr           20%        N/A       19%         4

Your spell library contained the following spells:

 Spells                   Type           Power      Damage    Failure   Level
 Blink                    Tloc           4%         N/A       26%         2
 Ensorcelled Hibernation  Hex/Ice        4%         N/A       26%         2
 Momentum Strike          Conj/Tloc      4%         3d8       26%         2
 Lesser Beckoning         Tloc           4%         N/A       45%         3
 Spider Form              Tmut/Pois      2%         N/A       45%         3
 Agony                    Necr           20%        N/A       47%         5
 Anguish                  Hex/Necr       5%         N/A       50%         4


Dungeon Overview and Level Annotations

Branches:
Dungeon (3/15)

Altars:
Zin

Annotations:
D:3 Grinder


Message History

Grinder is lightly wounded.
Grinder closely misses you.
There are monsters nearby!
You hit Grinder.
Grinder is moderately wounded.
Grinder gestures at you.
You barely resist. You barely miss Grinder.
Grinder is lightly wounded.
Grinder gestures at you.
You suddenly lose the ability to move!
You can move again.
Casting: Animate Dead (quite dangerous; 19% risk of failure)
Confirm with . or Enter, or press ? or * to list all spells.
You can't see any susceptible monsters within range! (Use Z to cast anyway.) Unknown command.
Grinder hits you.
You writhe in agony.
You closely miss Grinder.
Grinder is lightly wounded.
Grinder hits you.
You writhe in agony.
* * * LOW HITPOINT WARNING * * *
You barely miss Grinder.
Grinder is lightly wounded.
Grinder barely misses you.
It was a potion of resistance.
You feel protected. Grinder gestures at you.
You resist with significant effort.
It was a potion of haste.
You feel yourself speed up. Grinder closely misses you.
You hit Grinder.
Grinder is moderately wounded.
Grinder hits you.
* * * LOW HITPOINT WARNING * * *
You writhe in agony.
* * * LOW HITPOINT WARNING * * *
You hit Grinder.
Grinder is moderately wounded.
Grinder hits you!
You die...

# ###########........#
...###..................#
#
.................########
#. #.##............#
..###..............#
#..#..#............#
##...###...........#
#..#..#†.##........# .
..###....##.....@..# ..
#..#..#..#######5#####...
##...###.# #w# #w..
#..#..#..# #.##..#
..###....# #.#..#####
#..#.##### #........#
##..####### #)........
#.........# #...$.....
...#......# #.#.#####.


You could see Grinder and a worm.

Vanquished Creatures
  A howler monkey (D:3)
  Jessica (D:3)
  Robin (D:2)
  2 adders (D:2)
  2 worms (D:2)
  2 dart slugs (D:1)
  6 ball pythons
  5 bats
  An endoplasm (D:2)
  A giant cockroach (D:2)
  11 goblins
  7 hobgoblins
  2 jackals (D:2)
  4 kobolds
  5 quokkas
  5 rats
56 creatures vanquished.

Vanquished Creatures (collateral kills)
  2 goblins
  3 bats
  3 rats
8 creatures vanquished.

Grand Total: 64 creatures vanquished

Notes
Turn   | Place    | Note
-------+----------+-------------------------------------------
     0 | D:1      | BaabKaare the Human Necromancer began the quest for the
                  | Orb.
     0 | D:1      | Reached XP level 1. HP: 13/13 MP: 3/3
   198 | D:1      | Reached XP level 2. HP: 19/19 MP: 0/5
   516 | D:1      | Reached XP level 3. HP: 24/24 MP: 0/6
   577 | D:1      | Learned a level 3 spell: Vampiric Draining
  1513 | D:2      | Found a glowing silver altar of Zin.
  2330 | D:2      | Noticed Robin
  2336 | D:2      | Reached XP level 4. HP: 30/30 MP: 0/7
  2399 | D:2      | Killed Robin
  2400 | D:2      | Reached skill level 5 in Necromancy
  2555 | D:2      | Learned a level 4 spell: Animate Dead
  3076 | D:2      | Reached XP level 5. HP: 21/35 MP: 2/9
  3375 | D:3      | Reached skill level 1 in Short Blades
  3431 | D:3      | Noticed Jessica
  3444 | D:3      | Killed Jessica
  3750 | D:3      | Noticed Grinder
  3750 | D:3      | Paralysed by Grinder for 3 turns
  3768 | D:3      | Paralysed by Grinder for 2 turns
  3778 | D:3      | Mangled by Grinder

Illustrated notes

Levels and vault maps discovered:
D:1:      lemuel_arrival_rhombus, layout_basic
D:2:      layout_loops_cross, basic_altar, uniq_robin
D:3:      layout_basic, general_overflow_altar, nicolae_dithmenos_the_darkroom,
          makhleb_altar_promises_db, nrook_mini_vaults, kennysheep_doodads,
          uniq_crazy_yiuf_cottage, uniq_natasha, uniq_grinder, uniq_jessica

Skill      XL: |  1  2  3  4  5 |
---------------+----------------+-----
Necromancy     | 5 |  5.3
Short Blades   | 1 |  1.2
Spellcasting   | 3 |  3.0
Fighting       | |  0.4
Dodging        | |  2.4
Stealth        | |  2.4

Action                   |  1- 3 |  4- 6 || total
-------------------------+-------+-------++-------
Melee: Unarmed           |     2 |     6 ||     8
       Dagger            |       |    46 ||    46
 Cast: Necrotise         |    58 |    23 ||    81
       Vampiric Draining |     3 |     5 ||     8
  Use: Potion            |       |     4 ||     4
 Stab: Sleeping          |       |     4 ||     4
Armor: Robe              |     4 |    17 ||    21
Dodge: Dodged            |    24 |    47 ||    71

Table legend: (Time is in decaauts)
 A = Elapsed time spent in this place.
 B = Non-inter-level travel time spent in this place.
 C = Inter-level travel time spent in this place.
 D = Time resting spent in this place.
 E = Time spent auto-exploring this place.
 F = Levels seen in this place.
 G = Mean time per level.
                   A        B        C        D        E       F      G
               +--------+--------+--------+--------+--------+-----+--------+
         Total |   3776 |   3657 |    119 |   1570 |    862 |   3 | 1258.7 |
       Dungeon |   3776 |   3657 |    119 |   1570 |    862 |   3 | 1258.7 |
               +--------+--------+--------+--------+--------+-----+--------+

Top non-repeatable levels by time:
     D:2: 1744 daAuts
     D:1: 1612 daAuts
     D:3: 419 daAuts
